 Dungeon Crawl Stone Soup version 0.30-a0-930-gb9d0489357 (webtiles) character file.

Game seed: 4141341592619938177

476 tilp the Slasher (level 7, -5/55 (60) HPs)
             Began as a Meteoran Fighter on Mar 23, 2023.
             Slain by a hell rat (15 damage)
             ... in a sewer.
             The game lasted 00:05:58 (1241 turns).

tilp the Slasher (Meteoran Fighter)                 Turns: 1241, Time: 00:05:58

HP:   -5/55 (60)    AC: 10    Str: 17    XL:     7   Next: 59%
MP:   8/8           EV:  7    Int: 11    God:
Gold: 134           SH:  5    Dex: 15    Spells: 6/6 levels left

rFire   . . .      SeeInvis .    a - +0 long sword
rCold   . . .      Faith    .    c - +0 buckler
rNeg    . . .      Spirit   .    i - +0 chain mail
rPois   .          Reflect  .    (no helmet)
rElec   .          Rampage  .    (no cloak)
rCorr   .                        e - +0 pair of gloves
Will    .....                    (no boots) Stlth
                                 (no amulet)
HPRegen 0.29/turn                (no ring)
MPRegen 0.11/turn                (no ring)

@: glowing, drained
A: sense surroundings 1, otherworldly, glowing, explore regen
a: no special abilities


You were in a sewer.
You visited 1 branch of the dungeon, and saw 4 of its levels.
You also visited: Sewer.

You collected 134 gold pieces.

Inventory:

Hand Weapons
 a - a +0 long sword (weapon)
 g - a +2 dagger of freezing
Missiles
 h - 17 stones (quivered)
Armour
 c - a +0 buckler (worn)
 e - a +0 pair of gloves (worn)
 i - a +0 chain mail (worn)
Jewellery
 b - an amulet of magic regeneration
Scrolls
 f - a scroll of identify


   Skills:
 * Level 4.8 Fighting
 * Level 6.7 Long Blades
 + Level 1.6 Throwing
 - Level 4.0 Armour
 + Level 2.8 Dodging
 - Level 4.0 Shields


You had 6 spell levels left.
You didn't know any spells.
Your spell library was empty.

Dungeon Overview and Level Annotations

Branches:
Dungeon (4/15) Zot: 1203    Sewer (1/1) Zot: 501
 Temple: D:4-7

Altars:
Ru
The Shining One


Innate Abilities, Weirdness & Mutations

You passively map a small area around you.
You are easily found by Zot.
You glow in the dark.
You regain HP and MP as you explore.


Message History

You see here a rat corpse.
The hell rat bites you! The hell rat bites you.
You feel drained.
There is an open door, spattered with blood here.
You hit the hell rat but do no damage. The hell rat bites you!
You feel drained.
You are too injured to fight recklessly!
You are too injured to fight recklessly!
You hit the hell rat.
The hell rat is lightly wounded.
The hell rat bites you but does no damage.
The hell rat splashes around in the water.
You aren't carrying any potions.
You closely miss the hell rat.
The hell rat is lightly wounded.
The hell rat barely misses you.
You hit the hell rat but do no damage.
The hell rat is lightly wounded.
You block the hell rat's attack.
You completely miss the hell rat.
The hell rat is lightly wounded.
The hell rat bites you but does no damage.
The hell rat bites you!
* * * LOW HITPOINT WARNING * * *
You feel drained.
* * * LOW HITPOINT WARNING * * *
You hit the hell rat but do no damage.
The hell rat is lightly wounded.
The hell rat splashes around in the water.
You hit the hell rat but do no damage.
The hell rat is lightly wounded.
The hell rat barely misses you.
You hit the hell rat but do no damage.
The hell rat is lightly wounded.
The hell rat closely misses you. The hell rat bites you!
* * * LOW HITPOINT WARNING * * *
Unknown command.
As you read the scroll labelled ORHEG YREU, it crumbles to dust.
The scroll dissolves into smoke.
It was a scroll of fog.
The hell rat bites you!
You die...

#########
###~..§.~~###
###~~~~§§§†~~.###
#..~.~##@##~.~~.#
##.~~###§r§###~~~##
#.~~##.~~§§~~##.~~#
#..~#..~~~~~~~#.~.#
#.†~##~????!~##...#
##..~###[∩?###~..##
#~~~~~#####~.~..#
###..~†.∩.~~~.###
###~†.∩.~~###


You could see a hell rat.

Vanquished Creatures
  Grinder (D:4)
  A scorpion (D:4)
  A jelly (D:4)
  An iguana (D:4)
  An orc wizard (D:4)
  3 gnolls (D:3)
  2 adders
  2 river rats
  A white imp (D:4)
  2 worms
  2 orcs (D:4)
  6 endoplasms
  A giant cockroach (D:1)
  6 goblins
  3 hobgoblins
  A kobold (D:2)
  A quokka (D:4)
  6 ball pythons
  A bat (D:2)
  A frilled lizard (D:2)
  13 rats
56 creatures vanquished.

Notes
Turn   | Place    | Note
-------+----------+-------------------------------------------
     0 | D:1      | tilp the Meteoran Fighter began the quest for the Orb.
     0 | D:1      | Reached XP level 1. HP: 19/19 MP: 2/2
    76 | D:1      | Reached XP level 2. HP: 24/26 MP: 3/3
   136 | D:2      | Reached skill level 3 in Long Blades
   136 | D:2      | Reached skill level 1 in Dodging
   136 | D:2      | Reached XP level 3. HP: 27/31 MP: 4/4
   710 | D:3      | Reached XP level 4. HP: 19/40 MP: 5/5
   718 | D:3      | Reached skill level 4 in Long Blades
   758 | D:3      | Found a sacrificial altar of Ru.
   759 | D:3      | Found a glowing golden altar of the Shining One.
   822 | D:4      | Noticed Grinder
   835 | D:4      | Killed Grinder
   836 | D:4      | Reached skill level 6 in Long Blades
   836 | D:4      | Reached XP level 5. HP: 18/46 MP: 6/6
   836 | D:4      | Reached XP level 6. HP: 20/52 MP: 7/7
   853 | D:4      | Reached skill level 1 in Throwing
   853 | D:4      | Reached XP level 7. HP: 3/60 MP: 8/8
   853 | D:4      | HP: 1/60 [acid (2)]
  1155 | D:4      | Found a glowing drain.
  1159 | Sewer    | Entered a sewer
  1241 | Sewer    | Slain by a hell rat

Illustrated notes

Levels and vault maps discovered:
D:1:      minmay_arrival_checkered_box, layout_loops_ring,
          shapermc_ecumenical_altar_petra
D:2:      minmay_chambers_of_ones, layout_loops_corners
D:3:      layout_basic, gammafunk_temple_overflow_pools,
          overflow_temple_1_default, minmay_quantized, uniq_terence
D:4:      layout_layer_cave, amcnicky_altar_gilded, gup_sewer_entry_bowl,
          uniq_grinder
Sewer:    sewer_hellmonk_bad_rat

Skill      XL: |  1  2  3  4  5  6  7 |
---------------+----------------------+-----
Long Blades    | 3 6 |  6.7
Dodging        | 1 2 |  2.8
Fighting       | 4 |  4.8
Throwing       | 1 |  1.6
Shields        | 4 |  4.0
Armour         | 4 |  4.0

Action                     |  1- 3 |  4- 6 |  7- 9 || total
---------------------------+-------+-------+-------++-------
  Melee: Long sword        |    58 |    21 |    96 ||   175
  Throw: Stone             |       |       |     3 ||     3
    Use: Potion            |     1 |     3 |       ||     4
         Scroll            |       |     6 |     1 ||     7
 Armour: Scale mail        |     6 |       |       ||     6
         Chain mail        |    15 |    13 |    58 ||    86
  Dodge: Dodged            |    13 |     8 |    27 ||    48
  Block: Buckler           |    17 |     6 |    22 ||    45

Table legend: (Time is in decaauts)
 A = Elapsed time spent in this place.
 B = Non-inter-level travel time spent in this place.
 C = Inter-level travel time spent in this place.
 D = Time resting spent in this place.
 E = Time spent auto-exploring this place.
 F = Levels seen in this place.
 G = Mean time per level.
                   A        B        C        D        E       F      G
               +--------+--------+--------+--------+--------+-----+--------+
         Total |   1293 |   1099 |    194 |      0 |      0 |   5 |  258.6 |
       Dungeon |   1196 |   1002 |    194 |      0 |      0 |   4 |  299.0 |
         Sewer |     97 |     97 |      0 |      0 |      0 |   1 |   97.0 |
               +--------+--------+--------+--------+--------+-----+--------+

Top non-repeatable levels by time:
     D:2: 545 daAuts
     D:4: 363 daAuts
     D:3: 170 daAuts
     D:1: 117 daAuts
   Sewer: 97 daAuts
